 Dungeon Crawl Stone Soup version 0.21.1-1-g345015f (webtiles) character file.

6146 thiefofnight the Carver (level 10, -2/86 HPs)
             Began as a Minotaur Fighter on May 2, 2018.
             Was a Priest of Cheibriados.
             Slain by a 12-headed hydra (8 damage)
             ... on level 1 of the Lair of Beasts.
             The game lasted 00:33:41 (7084 turns).

thiefofnight the Carver (Minotaur Fighter)          Turns: 7084, Time: 00:33:43

Health: -2/86      AC: 21    Str: 31    XL:     10   Next: 59%
Magic:  0/18       EV:  9    Int: 12    God:    Cheibriados [***...]
Gold:   345        SH: 14    Dex: 17    Spells: 9/9 levels left

rFire    . . .     SeeInvis .   u - +5 falchion
rCold    . . .     Gourm    .   c - +0 shield
rNeg     . . .     Faith    .   t - +0 plate armour
rPois    .         Spirit   +   D - +1 hat
rElec    .         Reflect  .   (no cloak)
rCorr    .         Harm     .   o - +2 pair of gloves
MR       .....                  e - +1 pair of boots
Stlth    ..........             q - amulet of guardian spirit
HPRegen  0.24/turn              n - ring of magical power
MPRegen  0.16/turn              (no ring)

@: about to teleport, very slow
A: retaliatory headbutt, horns 2
a: Bend Time, Temporal Distortion, Renounce Religion


You were on level 1 of the Lair of Beasts.
You worshipped Cheibriados.
Cheibriados was most pleased with you.
You were not hungry.

You visited 2 branches of the dungeon, and saw 9 of its levels.

You collected 427 gold pieces.
You spent 82 gold pieces at shops.

Inventory:

Hand Weapons
 u - a +5 falchion (weapon)
Armour
 c - a +0 shield (worn)
 e - a +1 pair of boots (worn)
 o - a +2 pair of gloves (worn)
 t - a +0 plate armour (worn)
 D - a +1 hat (worn)
Jewellery
 d - a +2 ring of intelligence {unknown}
 g - an uncursed ring of ice
 n - a ring of magical power (left hand)
 q - an amulet of guardian spirit (around neck)
 s - an uncursed ring of flight {unknown}
 y - a +3 ring of strength {unknown}
 E - a cursed amulet of inaccuracy {unknown}
Wands
 l - a wand of clouds (2)
 C - a wand of flame (35)
Scrolls
 h - a scroll of noise {unknown}
 i - 2 scrolls of remove curse
 j - a scroll of teleportation
 r - 3 scrolls of amnesia
 w - a scroll of blinking {unknown}
 x - 2 scrolls of fog {unknown}
 A - a scroll of enchant armour {unknown}
 F - a scroll of fear {unknown}
Potions
 a - a potion of lignification {unknown}
 b - a potion of degeneration {unknown}
 k - a potion of berserk rage {unknown}
 m - 4 potions of curing
 p - a potion of agility {unknown}
 v - a potion of cancellation {unknown}
 z - a potion of haste {unknown}
Comestibles
 f - 22 rations
 B - 12 chunks of flesh


   Skills:
 + Level 7.5 Fighting
 + Level 11.6 Long Blades
 + Level 9.5 Armour
 + Level 2.7 Dodging
 + Level 1.0 Stealth
 + Level 10.6 Shields
 + Level 0.9 Invocations


You had 9 spell levels left.
You didn't know any spells.

Dungeon Overview and Level Annotations

Branches:
Dungeon (8/15)             Temple (0/1) D:5            Lair (1/6) D:8

Altars:
Cheibriados
Hepliaklqana
Nemelex Xobeh
Okawaru
Trog
Uskayaw
Yredelemnul
The Shining One

Shops:
D:4 %%=?   D:5 ?


Innate Abilities, Weirdness & Mutations

You reflexively headbutt those who attack you in melee.
You have a pair of horns on your head.


Message History

The 12-headed hydra completely misses you.
The 12-headed hydra bites you!
* * * LOW HITPOINT WARNING * * *
You block the 12-headed hydra's attack.
The 12-headed hydra bites you but does no damage.
The water moccasin bites you but does no damage.
You feel better.
The water moccasin bites you but does no damage.
The 12-headed hydra bites you but does no damage.
The 12-headed hydra bites you.
* * * LOW HITPOINT WARNING * * *
The 12-headed hydra bites you but does no damage. x2
You block the 12-headed hydra's attack.
The 12-headed hydra completely misses you.
You block the 12-headed hydra's attack. The 12-headed hydra bites you.
* * * LOW HITPOINT WARNING * * *
You block the 12-headed hydra's attack. The 12-headed hydra bites you.
* * * LOW HITPOINT WARNING * * *
The 12-headed hydra bites you!
You die...

######
##.##P##################
.................S......
.........P......@D......
........P#.#...#.#....#.
........########## ...#
.........# ....
........## .#.
.......... .#
.#####.#.## . .# ###..#
.# #.##


You could see a 12-headed hydra and a water moccasin.

Vanquished Creatures
  Gastronok (D:8)
  Pikel (D:5)
  2 komodo dragons
  The ghost of Iko the Bolt Thrower, an amateur OpHu of Qazlal (D:6)
  A hippogriff (D:7)
  4 hogs (D:7)
  3 humans (D:7)
  A water moccasin (Lair:1)
  3 slaves (D:5)
  An ice beast (D:5)
  A sky beast (D:8)
  A phantom (D:4)
  An orc warrior (D:7)
  The ghost of muddlingalong the Chopper, an amateur MiMo of Okawaru (D:3)
  4 ogres
  A centaur (D:8)
  A big kobold (D:8)
  A bullfrog (Lair:1)
  2 scorpions
  5 wights (D:5)
  A crimson imp (D:6)
  A centaur zombie (D:5)
  A quasit (D:6)
  3 hounds
  3 orc priests
  A bullfrog skeleton (D:5)
  A jelly (D:6)
  3 orc wizards
  Terence (D:2)
  2 iguanas
  2 worker ants
  The ghost of Iko the Ruffian, a weakling FoTm (D:4)
  A hound skeleton (D:7)
  A worker ant zombie (D:6)
  8 adders
  4 shadow imps
  2 oozes
  2 adder skeletons (D:8)
  2 worms
  A dart slug (D:1)
  A leopard gecko (D:5)
  36 orcs
  A ball python (D:4)
  9 bats
  5 giant cockroaches
  2 goblins (D:2)
  13 hobgoblins
  5 jackals
  11 kobolds
  4 quokkas
  5 frilled lizards
  A leopard gecko skeleton (D:3)
  11 rats
181 creatures vanquished.

Vanquished Creatures (others)
  A plant (D:8)
1 creature vanquished.

Grand Total: 182 creatures vanquished

Notes
Turn   | Place    | Note
-------+----------+-------------------------------------------
     0 | D:1      | thiefofnight the Minotaur Fighter began the quest for the Orb.
     0 | D:1      | Reached XP level 1. HP: 19/19 MP: 0/0
   286 | D:1      | Reached XP level 2. HP: 21/27 MP: 1/1
   730 | D:2      | Reached XP level 3. HP: 33/33 MP: 2/2
   742 | D:2      | Reached skill level 3 in Long Blades
   800 | D:2      | Found a hazy altar of Hepliaklqana.
   953 | D:2      | Found a faded altar of an unknown god.
   987 | D:2      | Noticed Terence
   993 | D:2      | Killed Terence
   993 | D:2      | Reached XP level 4. HP: 40/40 MP: 3/3
  1117 | D:2      | Found a glowing golden altar of the Shining One.
  2105 | D:3      | Reached skill level 5 in Armour
  2124 | D:3      | Reached skill level 4 in Long Blades
  2124 | D:3      | Reached XP level 5. HP: 34/47 MP: 4/4
  2305 | D:3      | Noticed muddlingalong's ghost (amateur MiMo)
  2316 | D:3      | Killed muddlingalong's ghost
  2316 | D:3      | Reached skill level 1 in Dodging
  3016 | D:4      | Noticed an ogre
  3023 | D:4      | Killed an ogre
  3023 | D:4      | Reached skill level 5 in Long Blades
  3023 | D:4      | Reached XP level 6. HP: 39/53 MP: 5/5
  3028 | D:4      | Reached skill level 5 in Shields
  3438 | D:4      | Found a basalt altar of Yredelemnul.
  3479 | D:4      | Reached skill level 5 in Fighting
  3482 | D:4      | Reached XP level 7. HP: 23/61 MP: 6/6
  3641 | D:4      | Found a snail-covered altar of Cheibriados.
  3758 | D:4      | Found Tusad's Jewellery Emporium.
  3760 | D:4      | Found Essuwkor's Magic Scroll Emporium.
  3761 | D:4      | Found Ximp's Food Emporium.
  3764 | D:4      | Found Nirha's Food Emporium.
  3765 | D:4      | Noticed Iko's ghost (weakling FoTm)
  3776 | D:4      | Killed Iko's ghost
  3779 | D:4      | Bought a scroll of enchant weapon for 82 gold pieces
  3909 | D:4      | Found a hide-covered altar of Uskayaw.
  3910 | D:4      | Found a bloodstained altar of Trog.
  3919 | D:4      | Became a worshipper of Cheibriados the Contemplative
  4034 | D:5      | Entered Level 5 of the Dungeon
  4146 | D:5      | Found a staircase to the Ecumenical Temple.
  4211 | D:5      | Found Yce Xiag's Magic Scroll Shoppe.
  4268 | D:5      | Reached skill level 6 in Long Blades
  4395 | D:5      | Reached * piety under Cheibriados
  4471 | D:5      | Noticed Pikel
  4498 | D:5      | Killed Pikel
  4498 | D:5      | Reached skill level 7 in Long Blades
  4498 | D:5      | Reached XP level 8. HP: 65/70 MP: 7/7
  4655 | D:5      | Reached skill level 8 in Long Blades
  5170 | D:6      | Noticed Iko's ghost (amateur OpHu)
  5181 | D:6      | Killed Iko's ghost
  5776 | D:7      | Reached XP level 9. HP: 75/75 MP: 8/8
  5781 | D:7      | Reached skill level 9 in Long Blades
  5790 | D:7      | Reached ** piety under Cheibriados
  5938 | D:7      | Got a dazzling scale mail
  6040 | D:7      | Found an iron altar of Okawaru.
  6103 | D:7      | Reached skill level 10 in Long Blades
  6441 | D:7      | Found a sparkling altar of Nemelex Xobeh.
  6542 | D:8      | Reached *** piety under Cheibriados
  6792 | D:8      | Noticed Gastronok
  6818 | D:8      | Killed Gastronok
  6818 | D:8      | Reached skill level 11 in Long Blades
  6818 | D:8      | Reached skill level 1 in Stealth
  6818 | D:8      | Reached skill level 10 in Shields
  6818 | D:8      | Reached XP level 10. HP: 64/86 MP: 9/9
  6913 | D:8      | Found a staircase to the Lair.
  6936 | Lair:1   | Entered Level 1 of the Lair of Beasts
  7070 | Lair:1   | Noticed a four-headed hydra
  7083 | Lair:1   | HP: 4/86 [12-headed hydra (7)]
  7084 | Lair:1   | Slain by a 12-headed hydra

Skill      XL: |  1  2  3  4  5  6  7  8  9 |
---------------+----------------------------+-----
Shields        | 4 5 6 7 10 | 10.6
Fighting       | 4 5 6 7 |  7.5
Armour         | 4 5 7 9 |  9.5
Long Blades    | 3 4 5 7 8 11 | 11.6
Dodging        | 1 2 |  2.7
Stealth        | 1 |  1.0
Invocations    | |  0.9

Action                   |  1- 3 |  4- 6 |  7- 9 | 10-12 || total
-------------------------+-------+-------+-------+-------++-------
Melee: Long sword        |    83 |   174 |    87 |       ||   344
       Headbutt          |    10 |    29 |    85 |    16 ||   140
       Falchion          |       |       |   230 |    33 ||   263
Invok: Bend Time         |       |       |     1 |       ||     1
  Use: Scroll            |     3 |     5 |     7 |     1 ||    16
       Potion            |       |     2 |     4 |     2 ||     8
  Eat: Chunk             |       |     8 |     1 |     1 ||    10
       Ration            |       |     1 |     1 |       ||     2
Armor: Scale mail        |    34 |    63 |    11 |       ||   108
       Chain mail        |       |       |    15 |       ||    15
       Plate armour      |       |       |    75 |    43 ||   118
Dodge: Dodged            |    18 |    42 |    81 |    22 ||   163
Block: Shield            |    41 |    79 |   201 |    35 ||   356
       Rpst.: Long sword |     6 |     8 |    10 |       ||    24
       Falchion          |       |       |    15 |     4 ||    19
